AoeStats
← visikid

Arabia

510003407Analyzed
2v2 RM · 3d ago on Sep 29, 2026· 24m 52s· 4 players
Game mode
Random Map
Map size
Medium (4 player)
Population
200
Speed
Normal
Resources
Standard
Victory
Conquest
Starting age
Dark Age
Ending age
Imperial Age
RankedLock teamsTeams togetherTeam positionsShared explorationLock speedFull tech treeHidden civsTurbo modeCheats
Victory
Defeat
🇦🇷 Huns · Argentina
1017
+16
🇺🇸 Huns · United States
952
+19
🇲🇽 Franks · Mexico
1023
-18
🇬🇧 Maya · United Kingdom
1007
-17
jc9900
10:32 Feudal Age
11:10 Double-Bit Axe
11:26 Loom
18:03 Castle Age
19:23 Scale Barding Armor
19:53 Bow Saw
20:51 Stone Mining
The Invisible Man
0:26 Loom
9:58 Feudal Age
10:29 Double-Bit Axe
21:11 Castle Age
19:08 Horse Collar
19:23 Gold Mining
20:02 Fletching
20:12 Padded Archer Armor
21:13 Crossbowman
22:00 Bodkin Arrow
23:52 Ballistics
24:10 Wheelbarrow
24:14 Bow Saw
visikid
9:30 Feudal Age
10:05 Double-Bit Axe
12:46 Bloodlines
12:56 Scale Barding Armor
19:26 Horse Collar
22:50 Castle Age
22:27 Forging
Julianm93
2:52 Loom
9:29 Feudal Age
9:59 Double-Bit Axe
17:31 Castle Age
16:24 Gold Mining
19:42 Fletching
20:29 Horse Collar
23:17 Ballistics
23:43 Thumb Ring
24:49 Murder Holes
Connection lost

Rejoining the realm…

Still unreachable

The connection could not be restored.

Session expired

The server has moved on; the page needs a fresh start.